[ AOE2 MATCH · #507361582 ]
UnrankedRomans vs Vietnamese
Player's team · LOSS
[ REPLAY ANALYSIS · EXTRACTED FROM THE RECORDED GAME ]
Feudal
11:31
Castle
15:03
Imperial
30:59
| APM avg | 38.6 |
| APM peak | 78 |
| eAPM avg | 25.3 |
| Villagers / military | 222 / 1020 |
Focus
⚔️ 44.7% · 🌾 55.3%
Spearman ×574 · Militia ×146 · Skirmisher ×129 · Scout Cavalry ×110 · Trebuchet (Packed) ×14 · Monk ×12
Feudal
9:18
Castle
21:49
Imperial
34:36
| APM avg | 71.8 |
| APM peak | 126 |
| eAPM avg | 50.8 |
| Villagers / military | 204 / 670 |
Focus
⚔️ 33.6% · 🌾 66.4%
Scout Cavalry ×244 · Skirmisher ×181 · Rattan Archer ×82 · Battle Elephant ×59 · Spearman ×52 · Bombard Cannon ×14
Match map
Initial resources + every placement click. Lines = walls · curves = elevation contours. ◆ gold · ⬟ stone · ● berries · ✦ relic · ◌ wall gap
Your base· ✓ Closed at 15:03 · 15t walls · 3 gate(s)
acherafo1234's base· ✓ Closed at 21:49 · 10t walls · 3 gate(s)
Smoothed initial terrain · ◌ = detected wall gap · hover for details
Inputs per minute
— Hana - - acherafo1234
Build order — Hana
First 150 of 859 actions detected
| 0:00 | Queue | Villager (Male) |
| 0:01 | Queue | Villager (Male) |
| 0:02 | Build | House |
| 0:03 | Build | House |
| 0:04 | Queue | Villager (Male) |
| 0:04 | Queue | Villager (Male) |
| 1:28 | Queue | Villager (Male) |
| 1:50 | Build | Lumber Camp |
| 1:59 | Queue | Villager (Male) |
| 2:31 | Queue | Villager (Male) |
| 2:47 | Queue | Villager (Male) |
| 3:15 | Queue | Villager (Male) |
| 3:30 | Queue | Villager (Male) |
| 3:35 | Build | House |
| 3:36 | Build | House |
| 3:37 | Build | House |
| 3:48 | Queue | Villager (Male) |
| 4:09 | Build | Mill |
| 4:46 | Queue | Villager (Male) |
| 4:47 | Queue | Villager (Male) |
| 5:11 | Queue | Villager (Male) |
| 5:37 | Build | Farm |
| 5:39 | Queue | Villager (Male) |
| 5:49 | Queue | Villager (Male) |
| 6:01 | Queue | Villager (Male) |
| 6:37 | Queue | Villager (Male) |
| 6:50 | Queue | Villager (Male) |
| 6:59 | Build | Farm |
| 7:16 | Build | Farm |
| 7:20 | Build | Farm |
| 7:45 | Queue | Villager (Male) |
| 7:46 | Queue | Villager (Male) |
| 7:47 | Queue | Villager (Male) |
| 8:48 | Build | Mining Camp |
| 8:53 | Build | Mining Camp |
| 9:14 | Research | Feudal Age |
| 9:38 | Build | Palisade Wall |
| 10:12 | Build | Palisade Wall |
| 10:34 | Build | Palisade Wall |
| 10:48 | Build | Palisade Wall |
| 11:00 | Build | Palisade Wall |
| 11:02 | Queue | Villager (Male) |
| 11:20 | Build | Palisade Wall |
| 11:21 | Build | Palisade Wall |
| 11:31 | Age | Feudal Age |
| 11:36 | Build | Market |
| 11:38 | Build | Blacksmith |
| 11:40 | Build | Palisade Wall |
| 11:43 | Build | House |
| 11:49 | Research | Loom |
| 12:23 | Research | Castle Age |
| 12:49 | Build | Watch Tower |
| 13:23 | Build | Barracks |
| 13:29 | Research | Double-Bit Axe |
| 13:51 | Build | Palisade Wall |
| 14:10 | Build | House |
| 14:16 | Build | Palisade Wall |
| 14:17 | Build | Palisade Wall |
| 14:22 | Build | Palisade Wall |
| 14:38 | Build | House |
| 15:01 | Queue | Villager (Male) |
| 15:03 | Age | Castle Age |
| 15:12 | Build | Siege Workshop |
| 15:20 | Build | House |
| 15:21 | Build | Palisade Wall |
| 15:24 | Queue | Villager (Male) |
| 15:28 | Build | Town Center |
| 15:33 | Queue | Villager (Male) |
| 15:53 | Queue | Scorpion |
| 15:55 | Queue | Villager (Male) |
| 15:55 | Queue | Villager (Male) |
| 16:06 | Queue | Villager (Male) |
| 16:32 | Queue | Villager (Male) |
| 16:47 | Build | House |
| 16:55 | Queue | Villager (Male) |
| 16:59 | Queue | Villager (Male) |
| 17:00 | Queue | Villager (Male) |
| 17:03 | Build | Monastery |
| 17:03 | Queue | Villager (Male) |
| 17:03 | Queue | Villager (Male) |
| 17:34 | Queue | Battering Ram |
| 17:47 | Build | Farm |
| 17:55 | Build | Palisade Gate |
| 17:58 | Queue | Monk |
| 18:06 | Build | Farm |
| 18:10 | Queue | Villager (Male) |
| 18:11 | Queue | Villager (Male) |
| 18:25 | Build | Farm |
| 18:26 | Build | Farm |
| 18:27 | Build | Farm |
| 18:40 | Build | Farm |
| 18:42 | Build | Farm |
| 18:47 | Build | House |
| 18:48 | Build | House |
| 18:52 | Build | Farm |
| 18:54 | Queue | Villager (Male) |
| 18:55 | Queue | Villager (Male) |
| 18:59 | Queue | Villager (Male) |
| 19:22 | Build | Farm |
| 19:23 | Build | Farm |
| 19:24 | Build | Farm |
| 19:26 | Queue | Monk |
| 19:43 | Queue | Villager (Male) |
| 19:43 | Queue | Villager (Male) |
| 20:03 | Queue | Villager (Male) |
| 20:05 | Build | House |
| 20:06 | Build | House |
| 20:15 | Queue | Villager (Male) |
| 20:18 | Build | House |
| 20:22 | Build | Town Center |
| 20:27 | Queue | Villager (Male) |
| 20:27 | Queue | Villager (Male) |
| 20:41 | Queue | Villager (Male) |
| 21:04 | Queue | Villager (Male) |
| 21:12 | Queue | Villager (Male) |
| 21:19 | Queue | Villager (Male) |
| 21:24 | Queue | Monk |
| 21:24 | Queue | Villager (Male) |
| 21:55 | Queue | Villager (Male) |
| 21:56 | Queue | Villager (Male) |
| 22:06 | Build | House |
| 22:08 | Build | Farm |
| 22:08 | Build | Farm |
| 22:08 | Build | Farm |
| 22:08 | Build | Farm |
| 22:09 | Build | Farm |
| 22:09 | Build | Farm |
| 22:11 | Queue | Villager (Male) |
| 22:15 | Queue | Monk |
| 22:21 | Queue | Villager (Male) |
| 22:22 | Queue | Villager (Male) |
| 22:23 | Build | Farm |
| 22:23 | Build | Farm |
| 22:24 | Build | Farm |
| 22:24 | Build | Farm |
| 22:24 | Build | Farm |
| 22:24 | Build | Farm |
| 22:25 | Build | Farm |
| 22:43 | Build | Castle |
| 22:47 | Queue | Villager (Male) |
| 22:47 | Queue | Villager (Male) |
| 23:02 | Build | Castle |
| 23:05 | Queue | Villager (Male) |
| 23:16 | Queue | Villager (Male) |
| 23:23 | Build | Farm |
| 23:24 | Queue | Monk |
| 23:26 | Queue | Monk |
| 23:29 | Build | Farm |
| 23:34 | Build | Farm |
| 23:35 | Queue | Villager (Male) |
Build order — acherafo1234
First 150 of 1310 actions detected
| 0:00 | Queue | Villager (Male) |
| 0:00 | Queue | Villager (Male) |
| 0:01 | Build | House |
| 0:02 | Build | House |
| 0:02 | Queue | Villager (Male) |
| 0:12 | Queue | Villager (Male) |
| 1:17 | Queue | Villager (Male) |
| 1:45 | Queue | Villager (Male) |
| 1:47 | Build | Lumber Camp |
| 2:33 | Queue | Villager (Male) |
| 2:54 | Queue | Villager (Male) |
| 3:04 | Build | House |
| 3:08 | Queue | Villager (Male) |
| 3:14 | Queue | Villager (Male) |
| 3:39 | Queue | Villager (Male) |
| 4:04 | Queue | Villager (Male) |
| 4:27 | Queue | Villager (Male) |
| 4:58 | Build | Barracks |
| 5:24 | Queue | Villager (Male) |
| 5:35 | Build | House |
| 5:48 | Queue | Villager (Male) |
| 6:11 | Queue | Villager (Male) |
| 6:23 | Queue | Villager (Male) |
| 6:31 | Build | Mining Camp |
| 7:07 | Research | Feudal Age |
| 7:21 | Build | House |
| 7:27 | Build | House |
| 7:28 | Queue | Militia |
| 7:56 | Build | Mining Camp |
| 8:03 | Queue | Militia |
| 8:31 | Build | Mill |
| 8:42 | Queue | Militia |
| 9:02 | Build | House |
| 9:06 | Queue | Villager (Male) |
| 9:07 | Research | Loom |
| 9:18 | Age | Feudal Age |
| 9:29 | Queue | Villager (Male) |
| 9:51 | Build | Archery Range |
| 9:54 | Queue | Villager (Male) |
| 10:01 | Research | Man-at-Arms (upgrade) |
| 10:01 | Research | Man-at-Arms (upgrade) |
| 10:05 | Queue | Villager (Male) |
| 10:16 | Build | House |
| 10:35 | Queue | Villager (Male) |
| 10:42 | Queue | Archer |
| 10:47 | Build | House |
| 10:59 | Build | Farm |
| 11:07 | Research | Double-Bit Axe |
| 11:07 | Research | Double-Bit Axe |
| 11:14 | Build | House |
| 11:15 | Queue | Archer |
| 11:15 | Queue | Archer |
| 11:30 | Build | Watch Tower |
| 11:37 | Queue | Villager (Male) |
| 11:50 | Queue | Archer |
| 11:55 | Build | Farm |
| 12:02 | Queue | Villager (Male) |
| 12:11 | Build | Palisade Wall |
| 12:11 | Build | Palisade Wall |
| 12:12 | Build | Palisade Wall |
| 12:15 | Queue | Archer |
| 12:20 | Build | Farm |
| 12:25 | Queue | Villager (Male) |
| 12:44 | Build | Watch Tower |
| 12:49 | Build | Farm |
| 12:54 | Queue | Villager (Male) |
| 12:55 | Build | Farm |
| 13:11 | Build | Palisade Wall |
| 13:11 | Build | Palisade Wall |
| 13:12 | Build | Palisade Wall |
| 13:18 | Queue | Villager (Male) |
| 13:29 | Build | Farm |
| 13:30 | Build | Farm |
| 13:38 | Research | Arson |
| 13:39 | Research | Arson |
| 13:43 | Queue | Villager (Male) |
| 13:45 | Build | Farm |
| 14:06 | Queue | Villager (Male) |
| 14:20 | Build | Farm |
| 14:23 | Queue | Villager (Male) |
| 14:24 | Queue | Archer |
| 14:40 | Queue | Villager (Male) |
| 14:47 | Build | Watch Tower |
| 14:50 | Queue | Villager (Male) |
| 14:57 | Build | Palisade Wall |
| 14:57 | Build | Palisade Wall |
| 14:58 | Build | Palisade Wall |
| 14:58 | Build | Palisade Wall |
| 15:02 | Queue | Militia |
| 15:04 | Build | Farm |
| 15:14 | Research | Horse Collar |
| 15:14 | Research | Horse Collar |
| 15:16 | Build | Farm |
| 15:18 | Build | Farm |
| 15:33 | Queue | Villager (Male) |
| 15:43 | Build | Blacksmith |
| 16:09 | Queue | Villager (Male) |
| 16:17 | Build | Mining Camp |
| 16:35 | Build | Mining Camp |
| 16:58 | Research | Wheelbarrow |
| 17:01 | Build | Farm |
| 17:06 | Build | Market |
| 17:36 | Queue | Villager (Male) |
| 17:37 | Build | Farm |
| 17:39 | Build | Farm |
| 17:42 | Build | Farm |
| 18:04 | Queue | Villager (Male) |
| 18:09 | Build | Farm |
| 18:11 | Build | Farm |
| 18:35 | Queue | Villager (Male) |
| 18:49 | Build | Lumber Camp |
| 19:09 | Research | Castle Age |
| 19:38 | Build | Outpost |
| 19:40 | Research | Town Watch |
| 20:19 | Research | Stone Mining |
| 20:19 | Research | Stone Mining |
| 20:21 | Research | Gold Mining |
| 20:21 | Research | Gold Mining |
| 21:49 | Age | Castle Age |
| 21:56 | Build | Palisade Wall |
| 21:57 | Build | Palisade Wall |
| 21:58 | Build | Palisade Wall |
| 21:59 | Build | Palisade Wall |
| 22:00 | Queue | Villager (Male) |
| 22:10 | Build | Town Center |
| 22:13 | Research | Bow Saw |
| 22:15 | Queue | Villager (Male) |
| 22:20 | Build | Town Center |
| 22:33 | Build | Outpost |
| 22:38 | Queue | Villager (Male) |
| 22:48 | Queue | Villager (Male) |
| 22:58 | Build | Town Center |
| 23:08 | Research | Heavy Plow |
| 23:08 | Research | Heavy Plow |
| 23:17 | Queue | Villager (Male) |
| 23:26 | Build | Stone Wall |
| 23:30 | Queue | Villager (Male) |
| 23:45 | Build | Monastery |
| 23:48 | Queue | Villager (Male) |
| 23:48 | Queue | Villager (Male) |
| 23:49 | Queue | Villager (Male) |
| 23:56 | Queue | Villager (Male) |
| 23:57 | Queue | Villager (Male) |
| 24:22 | Build | Gate |
| 24:26 | Build | Gate |
| 24:27 | Queue | Villager (Male) |
| 24:39 | Queue | Villager (Male) |
| 24:42 | Research | Hand Cart |
| 24:50 | Build | Town Center |
| 24:53 | Queue | Villager (Male) |
Match timeline
| 4:58 | acherafo1234 · first_building Barracks |
| 9:18 | acherafo1234 · age_up feudal |
| 9:38 | Hana · wall_segment Palisade Wall x4 |
| 9:51 | acherafo1234 · first_building Archery Range |
| 10:12 | Hana · wall_segment Palisade Wall x1 |
| 10:34 | Hana · wall_segment Palisade Wall x1 |
| 10:48 | Hana · wall_segment Palisade Wall x1 |
| 11:00 | Hana · wall_segment Palisade Wall x1 |
| 11:20 | Hana · wall_segment Palisade Wall x1 |
| 11:21 | Hana · wall_segment Palisade Wall x1 |
| 11:31 | Hana · age_up feudal |
| 11:40 | Hana · wall_segment Palisade Wall x1 |
| 12:11 | acherafo1234 · wall_segment Palisade Wall x1 |
| 12:11 | acherafo1234 · wall_segment Palisade Wall x1 |
| 12:12 | acherafo1234 · wall_segment Palisade Wall x1 |
| 13:11 | acherafo1234 · wall_segment Palisade Wall x1 |
| 13:11 | acherafo1234 · wall_segment Palisade Wall x1 |
| 13:12 | acherafo1234 · wall_segment Palisade Wall x1 |
| 13:23 | Hana · first_building Barracks |
| 13:51 | Hana · wall_segment Palisade Wall x1 |
| 14:16 | Hana · wall_segment Palisade Wall x1 |
| 14:17 | Hana · wall_segment Palisade Wall x1 |
| 14:22 | Hana · wall_segment Palisade Wall x1 |
| 14:57 | acherafo1234 · wall_segment Palisade Wall x1 |
| 14:57 | acherafo1234 · wall_segment Palisade Wall x1 |
| 14:58 | acherafo1234 · wall_segment Palisade Wall x1 |
| 14:58 | acherafo1234 · wall_segment Palisade Wall x1 |
| 15:03 | Hana · age_up castle |
| 15:12 | Hana · first_building Siege Workshop |
| 15:21 | Hana · wall_segment Palisade Wall x1 |
| 15:26 | Hana · first_market_buy 100 stone |
| 17:03 | Hana · first_building Monastery |
| 18:32 | acherafo1234 · first_market_buy 100 food |
| 18:33 | acherafo1234 · first_market_sell 100 wood |
| 21:49 | acherafo1234 · age_up castle |
| 21:56 | acherafo1234 · wall_segment Palisade Wall x1 |
| 21:57 | acherafo1234 · wall_segment Palisade Wall x1 |
| 21:58 | acherafo1234 · wall_segment Palisade Wall x1 |
| 21:59 | acherafo1234 · wall_segment Palisade Wall x1 |
| 22:43 | Hana · first_building Castle |
| 23:26 | acherafo1234 · wall_segment Stone Wall x15 |
| 23:45 | acherafo1234 · first_building Monastery |
| 25:30 | acherafo1234 · first_building Siege Workshop |
| 25:59 | acherafo1234 · wall_segment Stone Wall x12 |
| 26:08 | acherafo1234 · wall_segment Stone Wall x4 |
| 26:30 | acherafo1234 · wall_segment Stone Wall x1 |
| 26:31 | acherafo1234 · wall_segment Stone Wall x1 |
| 27:02 | Hana · wall_segment Stone Wall x15 |
| 27:32 | Hana · first_market_sell 100 stone |
| 28:49 | Hana · wall_segment Stone Wall x7 |
| 28:53 | Hana · wall_segment Stone Wall x2 |
| 28:57 | Hana · wall_segment Stone Wall x4 |
| 29:12 | acherafo1234 · wall_segment Stone Wall x11 |
| 29:30 | acherafo1234 · wall_segment Stone Wall x20 |
| 30:09 | acherafo1234 · first_building Stable |
| 30:59 | Hana · age_up imperial |
| 32:36 | acherafo1234 · first_building Castle |
| 34:17 | acherafo1234 · wall_segment Stone Wall x23 |
| 34:21 | acherafo1234 · wall_segment Stone Wall x7 |
| 34:36 | acherafo1234 · age_up imperial |
| 34:38 | acherafo1234 · wall_segment Stone Wall x2 |
| 35:07 | acherafo1234 · wall_segment Stone Wall x1 |
| 35:18 | acherafo1234 · wall_segment Stone Wall x1 |
| 35:34 | acherafo1234 · wall_segment Stone Wall x1 |
| 38:18 | acherafo1234 · wall_segment Stone Wall x2 |
| 38:25 | acherafo1234 · wall_segment Stone Wall x1 |
| 38:27 | acherafo1234 · wall_segment Stone Wall x1 |
| 38:29 | acherafo1234 · wall_segment Stone Wall x1 |
| 38:31 | acherafo1234 · wall_segment Stone Wall x1 |
| 38:33 | acherafo1234 · wall_segment Stone Wall x1 |
| 38:48 | Hana · wall_segment Stone Wall x7 |
| 39:08 | acherafo1234 · wall_segment Stone Wall x1 |
| 39:11 | acherafo1234 · wall_segment Stone Wall x1 |
| 41:21 | acherafo1234 · wall_segment Stone Wall x21 |
| 41:27 | acherafo1234 · wall_segment Stone Wall x8 |
| 44:05 | Hana · wall_segment Stone Wall x6 |
| 44:09 | Hana · wall_segment Stone Wall x1 |
| 49:01 | acherafo1234 · wall_segment Stone Wall x1 |
| 49:01 | acherafo1234 · wall_segment Stone Wall x1 |
| 54:22 | Hana · wall_segment Stone Wall x4 |
| 60:09 | Hana · first_building Stable |
| 61:59 | acherafo1234 · wall_segment Stone Wall x1 |
| 62:09 | Hana · wall_segment Palisade Wall x1 |
| 65:09 | Hana · first_building Archery Range |
| 65:41 | acherafo1234 · wall_segment Stone Wall x11 |
| 67:51 | acherafo1234 · wall_segment Stone Wall x16 |
| 72:20 | acherafo1234 · wall_segment Stone Wall x1 |
| 73:32 | Hana · resign |
[ AI ANALYSIS · 1 CREDIT ]
What really happened in this match?
Wolo.gg analyzes every decision: build order, eco, micro, common mistakes by bracket. Personalized analysis on WhatsApp or Discord in 30 seconds.
Civ guide
Romans
Perfil
Hana